AoeStats
← INOX

Black Forest

510609978Analyzed
4v4 RM · 18h ago on Oct 1, 2026· 55m 51s· 8 players
Game mode
Random Map
Map size
Large (8 player)
Population
200
Speed
Normal
Resources
Standard
Victory
Conquest
Starting age
Dark Age
Ending age
Imperial Age
RankedLock teamsTeams togetherTeam positionsShared explorationLock speedFull tech treeHidden civsTurbo modeCheats
Victory
Defeat
🇷🇺 Danes · Russia
1002
+12
🇷🇺 Khmer · Russia
946
+15
🇬🇧 Franks · United Kingdom
855
+18
🇫🇷 Lithuanians · France
822
+41
🇨🇳 Persians · China
955
-18
🇨🇳 Khmer · China
926
-17
🇨🇳 Huns · China
898
-16
🇨🇦 Spanish · Canada
867
-14
viquezug
9:30 Loom
12:52 Feudal Age
14:17 Wheelbarrow
13:31 Double-Bit Axe
14:21 Horse Collar
18:59 Town Watch
23:29 Castle Age
21:50 Scale Mail Armor
22:17 Forging
24:30 Bow Saw
27:03 Hand Cart
28:02 Gambesons
27:38 Man-at-Arms
28:39 Heavy Plow
29:10 Town Patrol
29:48 Caravan
30:31 Gold Mining
30:32 Stone Mining
30:56 Long Swordsman
31:39 Squires
34:06 Arson
37:12 Imperial Age
34:30 Pikeman
37:03 Redemption
38:18 Conscription
37:25 Two-Handed Swordsman
38:27 Chain Mail Armor
38:51 Iron Casting
40:04 Two-Man Saw
39:30 Bloodlines
39:22 Husbandry
38:43 Cavalier
41:38 Blast Furnace
40:57 Paladin
44:13 Inquisition
44:57 Scale Barding Armor
45:56 Chemistry
49:07 Elite Conquistador
50:24 Fletching
50:48 Thumb Ring
51:49 Padded Archer Armor
51:45 Bodkin Arrow
53:21 Chain Barding Armor
53:17 Leather Archer Armor
53:03 Bracer
55:15 Plate Barding Armor
xiaoye
5:06 Loom
11:07 Feudal Age
12:34 Double-Bit Axe
15:08 Castle Age
13:23 Horse Collar
17:19 Heavy Plow
30:14 Town Watch
33:57 Imperial Age
32:27 Bow Saw
32:56 Caravan
33:47 Wheelbarrow
33:14 Town Patrol
34:24 Gold Mining
35:43 Chemistry
36:36 Hoardings
37:53 Masonry
38:52 Murder Holes
39:28 Architecture
38:41 Onager
45:59 Scale Barding Armor
46:04 Forging
45:55 Padded Archer Armor
45:46 Fletching
51:47 Bloodlines
51:38 Husbandry
54:11 Cavalier
苏坊
2:33 Loom
10:42 Feudal Age
15:19 Castle Age
卢本伟
1:18 Loom
12:00 Feudal Age
15:52 Castle Age
15:34 Double-Bit Axe
17:43 Bow Saw
17:56 Horse Collar
23:43 Wheelbarrow
25:27 Hand Cart
30:51 Imperial Age
29:41 Marauders
29:51 Scale Barding Armor
29:56 Forging
31:08 Chain Barding Armor
30:49 Scale Mail Armor
31:37 Gold Mining
32:52 Two-Man Saw
33:28 Gold Shaft Mining
32:28 Elite Tarkan
33:29 Conscription
33:31 Chain Mail Armor
33:52 Plate Barding Armor
33:53 Iron Casting
33:21 Squires
33:07 Arson
34:22 Iron Casting
34:10 Pikeman
34:54 Halberdier
36:46 Blast Furnace
INOX
2:01 Loom
12:55 Feudal Age
14:15 Horse Collar
14:42 Double-Bit Axe
16:07 Wheelbarrow
16:21 Wheelbarrow
15:31 Town Watch
20:37 Castle Age
19:09 Scale Barding Armor
19:05 Scale Mail Armor
19:15 Forging
19:23 Scale Barding Armor
19:18 Scale Mail Armor
19:28 Forging
19:08 Town Watch
20:14 Gold Mining
21:10 Bloodlines
22:49 Husbandry
24:51 Bow Saw
25:55 Chain Barding Armor
29:10 Heavy Plow
29:34 Hand Cart
30:20 Town Patrol
33:38 Chain Mail Armor
34:16 Stone Mining
36:07 Hill Forts
40:15 Imperial Age
38:23 Iron Casting
38:25 Light Cavalry
39:47 Squires
40:23 Ballistics
40:17 Fortified Wall
40:38 Cavalier
41:35 Pikeman
42:01 Arson
44:45 Plate Barding Armor
46:20 Winged Hussar
50:15 Paladin
55:28 Capped Ram
andrewcm20
11:37 Feudal Age
15:44 Castle Age
15:36 Double-Bit Axe
17:23 Bow Saw
18:31 Wheelbarrow
22:55 Gold Mining
24:19 Forging
24:17 Scale Barding Armor
26:22 Gold Shaft Mining
26:06 Husbandry
25:29 Pikeman
26:11 Squires
27:51 Hand Cart
33:02 Imperial Age
32:22 Iron Casting
32:09 Chain Barding Armor
31:40 Arson
32:22 Scale Mail Armor
33:40 Halberdier
35:25 Blast Furnace
35:01 Plate Barding Armor
33:53 Cavalier
35:12 Chain Mail Armor
35:16 Paladin
36:21 Stone Mining
39:52 Chivalry
41:05 Conscription
42:30 Ballistics
43:14 Chemistry
44:55 Caravan
48:05 Plate Mail Armor
ASTERIX
0:26 Loom
11:39 Feudal Age
15:21 Castle Age
14:15 Double-Bit Axe
18:25 Gambesons
25:17 Wheelbarrow
29:03 Stone Mining
30:26 Horse Collar
35:26 Imperial Age
33:12 Forging
33:54 Pikeman
35:36 Gold Mining
37:09 Ballistics
37:37 Conscription
36:38 Hamask
38:35 Scale Mail Armor
39:11 Iron Casting
39:26 Halberdier
40:34 Arson
40:11 Elite Jomsviking
41:43 Hand Cart
41:15 Town Watch
42:31 Squires
44:02 Chain Mail Armor
44:23 Iron Casting
43:53 Town Patrol
43:55 Heavy Plow
44:07 Bow Saw
46:00 Plate Mail Armor
45:09 Onager
47:48 Blast Furnace
49:28 Chemistry
48:35 Siege Engineers
48:26 Murder Holes
52:32 Caravan
52:46 Siege Onager
leonidze
0:29 Loom
11:24 Feudal Age
17:15 Castle Age
16:13 Horse Collar
16:25 Double-Bit Axe
17:07 Gold Mining
17:15 Stone Mining
19:15 Heavy Plow
19:28 Bow Saw
22:04 Wheelbarrow
27:07 Gold Shaft Mining
31:30 Hand Cart
34:13 Imperial Age
34:22 Imperial Age
31:41 Town Watch
32:31 Scale Barding Armor
33:13 Ballistics
33:07 Tusk Swords
36:08 Chemistry
35:12 Double Crossbow
34:36 Elite Ballista Elephant
35:51 Chain Barding Armor
36:22 Murder Holes
37:18 Hoardings
36:55 Elite Battle Elephant
38:55 Light Cavalry
39:46 Bloodlines
39:39 Husbandry
41:09 Hussar
43:00 Cavalier
46:35 Plate Barding Armor
50:30 Capped Ram
53:22 Siege Ram
Connection lost

Rejoining the realm…

Still unreachable

The connection could not be restored.

Session expired

The server has moved on; the page needs a fresh start.